 Dungeon Crawl Stone Soup version 0.25.0-9-g26727b657a (console) character file.

Game seed: 12028959590577909340

316792 Kagalorn the Tortoise (level 21, 0/174 HPs)
             Began as a Barachi Ice Elementalist on June 19, 2020.
             Was the Champion of Okawaru.
             Slain by a vault warden
             ... wielding a +1 battleaxe of venom
              (36 damage)
             ... on level 3 of the Vaults on June 20, 2020.
             The game lasted 02:59:58 (61649 turns).

Kagalorn the Tortoise (Barachi Ice Elementalist)   Turns: 61649, Time: 02:59:59

Health: 0/174      AC: 31    Str: 24    XL:     21   Next: 41%
Magic:  24/35      EV: 10    Int: 19    God:    Okawaru [******]
Gold:   2342       SH: 25    Dex:  7    Spells: 25/40 levels left

rFire    + + .     SeeInvis +   a - +8 autumn katana {vorpal, Clar}
rCold    . . .     Gourm    .   B - +0 tower shield {rF+}
rNeg     . . .     Faith    .   F - +4 chain mail {rF+}
rPois    +         Spirit   .   P - +0 helmet of the Gate {MR+}
rElec    .         Reflect  +   S - +2 cloak
rCorr    .         Harm     .   Q - +1 pair of gloves {Str+3}
MR       +++..     Clarity  +   J - +2 pair of boots {Stlth+}
Stlth    ..........             Z - amulet "Hepnampe" {Reflect +Fly SH+5}
HPRegen  0.39/turn              U - ring of Lissahe {rPois Str+5 Dex-2 SInv}
MPRegen  0.24/turn              T - ring of Hatonlel {MR+ Dex-4 Slay+3 SInv} (curse)

@: frozen ramparts, lightly drained, slow
A: +LOS, swims, slowness 1, strong legs 2
}: 2/15 runes: serpentine, barnacled
a: Hop, Heroism, Finesse, Renounce Religion, Evoke Flight


You were on level 3 of the Vaults.
You worshipped Okawaru.
Okawaru was exalted by your worship.
You were hungry.

You visited 6 branches of the dungeon, and saw 34 of its levels.
You also visited: Sewer, Bailey and Gauntlet.

You collected 4360 gold pieces.
You spent 2018 gold pieces at shops.

Inventory:

Hand Weapons
 a - the +8 autumn katana (weapon) {vorpal, Clar}
   (You found it on level 13 of the Dungeon)

   It inflicts extra damage upon your enemies.
   It protects you against confusion.
 b - a +2 eudemon blade of holy wrath
Missiles
 N - 30 javelins (quivered)
 V - 48 silver javelins
 W - 19 throwing nets
Armour
 B - a +0 tower shield of fire resistance (worn)
 F - a +4 chain mail of fire resistance (worn)
 J - a +2 pair of boots of stealth (worn)
 P - the +0 helmet of the Gate (worn) {MR+}
   (You bought it in a shop on level 2 of the Orcish Mines)

   It affects your resistance to hostile enchantments.
 Q - a +1 pair of gloves of strength (worn)
 S - a +2 cloak (worn)
Jewellery
 f - a +4 ring of protection
 w - the ring "Paxzec" {+Fly rElec Str+8 Int-3 SInv}
   (You acquired it on level 10 of the Dungeon)

   [ring of see invisible]

   It affects your strength (+8).
   It affects your intelligence (-3).
   It insulates you from electricity.
   It lets you see invisible.
   It lets you fly.
 A - an uncursed ring of protection from cold
 E - an uncursed ring of resist corrosion
 H - an uncursed ring of protection from cold
 K - an uncursed ring of fire
 T - the cursed ring of Hatonlel (right hand) {MR+ Dex-4 Slay+3 SInv}
   (You found it on level 14 of the Dungeon)

   [ring of dexterity]

   It affects your dexterity (-4).
   It affects your accuracy and damage with ranged weapons and melee attacks
   (+3).
   It affects your resistance to hostile enchantments.
   It lets you see invisible.
   It has a curse placed upon it.
 U - the ring of Lissahe (left hand) {rPois Str+5 Dex-2 SInv}
   (You found it in a Gauntlet)

   [ring of see invisible]

   It affects your strength (+5).
   It affects your dexterity (-2).
   It protects you from poison.
   It lets you see invisible.
 Z - the amulet "Hepnampe" (around neck) {Reflect +Fly SH+5}
   (You bought it in a shop on level 4 of the Shoals)

   [amulet of reflection]

   It shields you and reflects attacks.
   It lets you fly.
   It affects your SH (+5).
Wands
 e - a wand of clouds (6)
 j - a wand of acid (8)
 s - a wand of iceblast (4)
 I - a wand of paralysis (19)
 X - a wand of digging (4)
Scrolls
 g - 9 scrolls of remove curse
 k - 4 scrolls of enchant weapon
 o - 8 scrolls of amnesia
 q - 2 scrolls of blinking
 x - 7 scrolls of enchant armour
 y - 2 scrolls of summoning
 D - 6 scrolls of fear
 G - 5 scrolls of magic mapping
 L - 11 scrolls of teleportation
 R - 8 scrolls of fog
Potions
 i - 4 potions of lignification
 l - 3 potions of brilliance
 m - 9 potions of curing
 n - 5 potions of heal wounds
 p - 3 potions of magic
 r - 2 potions of resistance
 t - 2 potions of mutation
 u - 4 potions of haste
 v - 7 potions of might
 z - a potion of berserk rage
 C - 3 potions of invisibility
 Y - a potion of cancellation
Miscellaneous
 M - 2 boxes of beasts
 O - 4 phantom mirrors
Comestibles
 c - 36 rations


   Skills:
 + Level 17.1(16.6) Fighting
 - Level 14.0(13.5) Long Blades
 + Level 8.0(7.6) Throwing
 * Level 19.7(19.1) Armour
 - Level 10.0(9.5) Dodging
 - Level 2.0(1.6) Stealth
 + Level 15.9(15.5) Shields
 - Level 10.0(9.5) Spellcasting
 - Level 10.0(9.5) Hexes
 - Level 6.0(5.6) Charms
 - Level 6.0(5.6) Summonings
   Level 5.0(4.6) Transmutations
 - Level 12.0(11.5) Ice Magic
 - Level 10.0(9.5) Air Magic
 - Level 8.0(7.5) Invocations
 + Level 8.7(8.3) Evocations


You had 25 spell levels left.
You knew the following spells:

 Your Spells              Type           Power        Failure   Level  Hunger
a - Freeze                Ice            ####         1%          1    None
b - Frozen Ramparts       Ice            ######       2%          3    None
c - Spectral Weapon       Hex/Chrm       #####...     12%         3    None
g - Swiftness             Chrm/Air       #####...     6%          2    None
h - Summon Butterflies    Summ           ####....     9%          1    None
i - Silence               Hex/Air        #####.....   45%         5    #####..

Your spell library contained the following spells:

 Spells                   Type           Power        Failure   Level  Hunger
 Corona                   Hex            #####..      1%          1    None
 Ensorcelled Hibernation  Hex/Ice        #####.       1%          2    None
 Confusing Touch          Hex            #####...     5%          3    None
 Tukima's Dance           Hex            #####...     5%          3    None
 Infusion                 Chrm           ####         9%          1    None
 Ozocubu's Armour         Chrm/Ice       #####...     9%          3    None
 Shock                    Conj/Air       ####         13%         1    None
 Beastly Appendage        Tmut           ####..       14%         1    None
 Song of Slaying          Chrm           ####....     14%         2    None
 Airstrike                Air            #####.....   19%         4    ###....
 Sticks to Snakes         Tmut           ####....     21%         2    None
 Call Canine Familiar     Summ           ####....     26%         3    None
 Summon Ice Beast         Ice/Summ       #####...     26%         4    ###....
 Ice Form                 Ice/Tmut       #####...     32%         4    ###....
 Metabolic Englaciation   Hex/Ice        #####.....   32%         5    #####..
 Dazzling Flash           Conj/Hex       ####..       36%         3    None
 Static Discharge         Conj/Air       ####....     36%         3    None
 Shroud of Golubria       Chrm/Tloc      ###...       41%         2    None
 Mephitic Cloud           Conj/Pois/Air  ###.....     58%         3    None
 Hailstorm                Conj/Ice       ####....     65%         4    ###....
 Animate Skeleton         Necr           N/A          67%         1    None
 Apportation              Tloc           #.....       67%         1    None
 Pain                     Necr           #...         67%         1    None
 Spider Form              Tmut/Pois      ###.......   71%         3    None
 Summon Mana Viper        Hex/Summ       #####...     75%         5    #####..
 Leda's Liquefaction      Hex/Erth       ####......   77%         4    ###....
 Ozocubu's Refrigeration  Ice            ######....   77%         6    ######.
 Yara's Violent Unravell  Hex/Tmut       #####.....   80%         5    #####..
 Gell's Gravitas          Tloc           #.........   95%         3    None
 Lesser Beckoning         Tloc           #.........   95%         3    None
 Vampiric Draining        Necr           #.........   95%         3    None
 Darkness                 Hex            #####.....   95%         6    ######.
 Invisibility             Hex            #####...     95%         6    ######.
 Petrify                  Tmut/Erth      ###.....     98%         4    ###....
 Blade Hands              Tmut           ####......   98%         5    #####..
 Lightning Bolt           Conj/Air       ####......   98%         5    #####..
 Animate Dead             Necr           N/A          100%        4    ###....
 Agony                    Necr           #.......     100%        5    #####..
 Alistair's Intoxication  Tmut/Pois      ###.....     100%        5    #####..
 Bolt of Magma            Conj/Fire/Erth #.........   100%        5    #####..
 Borgnjor's Vile Clutch   Necr/Erth      #.........   100%        5    #####..
 Iskenderun's Battlesphe  Conj/Chrm      ###.....     100%        5    #####..
 Eringya's Noxious Bog    Tmut/Pois      ###.......   100%        6    ######.
 Freezing Cloud           Conj/Ice/Air   #####.....   100%        6    ######.
 Iron Shot                Conj/Erth      #.........   100%        6    ######.
 Shadow Creatures         Summ           N/A          100%        6    ######.
 Simulacrum               Ice/Necr       ####......   100%        6    ######.
 Orb of Destruction       Conj           #.........   100%        7    #######
 Spellforged Servitor     Conj/Summ      ###.......   100%        7    #######
 Summon Hydra             Summ           ####......   100%        7    #######


Dungeon Overview and Level Annotations

Branches:
Dungeon (15/15)            Temple (0/1) D:6            Lair (6/6) D:10
 Shoals (4/4) Lair:4        Snake (4/4) Lair:4        Slime (0/5) Lair:5
    Orc (2/2) D:10            Elf (0/3) Orc:2        Vaults (3/5) D:14
  Crypt (0/3) Vaults:3     Depths (0/5) D:15          Sewer (visited)
 Bailey (visited)         Gauntlet (visited)

Altars:
Ashenzari
Cheibriados
Elyvilon
Fedhas
Gozag
Hepliaklqana
Kikubaaqudgha
Nemelex Xobeh
Okawaru
Sif Muna
Uskayaw
Vehumet
Wu Jian
Zin
Beogh

Shops:
D:5 =:}   D:8 [   Orc:2 [([(   Shoals:2 %(%(%   Shoals:3 !   Shoals:4 =
Vaults:1 =

Portals:
Trove: D:10 (give 6 scrolls of blinking)

Annotations:
Lair:5 exclusion: 2 oklob plants


Innate Abilities, Weirdness & Mutations

You can be seen from farther away. (+LOS)
You can swim through water.
You cover ground slowly.
You can hop long distances.


Message History

The ironbrand convoker gestures at the vault sentinel while chanting.
The vault sentinel seems to grow stronger.
The wall freezes the vault warden.
You block the vault warden's attack.
The wall freezes the ettin!
You block the ettin's attack.
The ettin hits you with a +0 dire flail!
You slice the vault warden!!
The vault warden is heavily wounded.
The wall freezes the vault sentinel.
The wall freezes the vault guard.
You block the vault guard's attack.
Unknown command.
You hit the vault warden.
The vault warden is heavily wounded.
The swamp worm changes into a two-headed ogre!
The wall freezes the ironbrand convoker!
The wall freezes the ettin!
You block the ettin's attack.
The ettin hits you with a +0 dire flail!!
* * * LOW HITPOINT WARNING * * *
The wall freezes the vault warden!
The vault warden hits you with a +1 battleaxe of venom!!!
You die...

##....#### ##...###.)#
#...###'##. #...##...##
#))##.....# #.)##.....#
###### ########..##.....#
+....pp#).....#[#.##...##
#....OpC@....[+)##.##'###
+.....p#p....(##.##..###.
###### ##########.####...
##....... ####+#++
......... .........
.......... ...........


You could see a vault warden (strong), a vault guard, an ettin, a two-headed
ogre shaped shifter, 2 vault sentinels and an ironbrand convoker.

Vanquished Creatures
  Mennas (Vaults:1)
  Vashnia (Snake:3)
  A tentacled monstrosity (Vaults:3)
  Agnes (D:13)
  Kirke (D:15)
  A storm dragon (Vaults:2)
  Donald (Snake:3)
  10 nagarajas
  A shadow dragon (Vaults:3)
  2 orc warlords
  4 vault wardens
  A fire giant (D:15)
  Aizul (Shoals:3)
  8 ironheart preservers
  A stone giant (Vaults:3)
  A very ugly thing (Vaults:1)
  A vampire knight (Vaults:3)
  2 entropy weavers (Vaults:3)
  Nessos (D:13)
  6 dire elephants (Lair:6)
  A minotaur (Gauntlet)
  A deep elf death mage (Vaults:2)
  An ettin (Vaults:2)
  3 merfolk javelineers
  10 merfolk impalers
  2 yaktaur captains
  A fire dragon (Shoals:1)
  Josephine (D:11)
  2 great orbs of eyes
  2 jiangshi (Vaults:3)
  4 vault guards
  12 hydras
  Harold (D:11)
  19 naga warriors
  A rakshasa (Vaults:3)
  Fannar (D:11)
  A catoblepas (Lair:2)
  4 ice dragons
  2 centaur warriors
  24 anacondas
  6 merfolk aquamancers (Shoals:4)
  2 satyrs
  27 two-headed ogres
  A dancing weapon (Vaults:3)
  8 ogre magi
  2 alligator snapping turtles
  A death knight (D:15)
  5 merfolk avatars
  2 tengu warriors (D:15)
  4 death yaks (Lair:6)
  Urug (D:13)
  13 naga sharpshooters
  A shock serpent (shapeshifter) (D:9)
  6 shock serpents
  2 deep elf knights
  2 shadow wraiths (Vaults:2)
  8 salamander mystics
  16 sea snakes
  5 skeletal warriors
  2 unseen horrors
  5 wizards
  15 naga ritualists
  3 ironbrand convokers
  13 orc knights
  3 deep elf archers
  18 harpies (Shoals:4)
  20 mana vipers
  11 manticores
  5 ugly things
  5 fauns
  5 orc sorcerers
  10 deep elf magi
  12 cyclopes
  20 salamanders
  11 elephants
  7 guardian serpents
  4 vault sentinels
  17 merfolk sirens
  3 wolf spiders
  A smoke demon (Gauntlet)
  9 water nymphs
  A guardian serpent (shapeshifter) (Vaults:1)
  14 naga magi
  35 black mambas
  10 spiny frogs
  3 kobold demonologists
  10 komodo dragons
  2 minotaur zombies (Gauntlet)
  3 gargoyles
  8 freezing wraiths
  11 yaktaurs
  16 rime drakes
  A redback zombie (D:14)
  43 merfolk
  2 tengu conjurers (D:13)
  7 wind drakes
  3 polar bears
  A wind drake (shapeshifter) (D:15)
  A hornet (shapeshifter) (Vaults:1)
  7 trolls
  A jumping spider (Vaults:3)
  17 slime creatures
  A hippogriff (shapeshifter) (Vaults:2)
  6 hornets
  13 blink frogs
  A frost giant simulacrum (Vaults:1)
  12 dream sheep
  9 hippogriffs
  12 snapping turtles
  A tarantella (shapeshifter) (Vaults:2)
  A spriggan (D:7)
  7 redbacks (Vaults:3)
  7 wraiths
  A shadow (D:15)
  A hog (D:15)
  3 vampires
  10 water elementals
  14 yaks
  2 wyverns
  A human (shapeshifter) (Vaults:2)
  A golden eye (shapeshifter) (Vaults:2)
  2 vampire mosquitoes (D:13)
  4 basilisks
  14 steam dragons (Lair:3)
  A hungry ghost (D:15)
  76 nagas
  2 wargs (D:10)
  5 acid dragons
  A soldier ant (D:9)
  A soldier ant (shapeshifter) (D:14)
  14 water moccasins
  13 porcupines
  5 ice beasts
  59 orc warriors
  4 black bears
  Purgy (Sewer)
  3 sky beasts
  2 eyes of draining
  A necrophage (D:12)
  23 ogres
  2 phantoms
  A hornet zombie (D:9)
  6 wolves (Lair:4)
  16 centaurs
  3 boggarts (Vaults:2)
  15 crocodiles
  An elf zombie (D:12)
  Blork the orc (D:5)
  20 bullfrogs
  3 big kobolds
  A wyvern zombie (D:10)
  An elf skeleton (D:12)
  6 scorpions
  17 killer bees
  7 electric eels
  11 howler monkeys
  12 wights
  4 centaur zombies
  13 crimson imps
  2 bullfrog zombies
  3 human zombies (D:12)
  2 quasits
  2 bullfrog skeletons
  3 centaur skeletons
  4 hounds
  6 jellies
  A human skeleton (D:12)
  A gnoll shaman (D:9)
  34 orc priests
  Jessica (D:8)
  An iguana (D:11)
  38 orc wizards
  3 hell rats (Lair:1)
  11 worker ants
  2 killer bee zombies
  2 mummies (D:12)
  3 worker ant zombies
  Robin (D:4)
  11 adders
  6 river rats (Lair:1)
  7 shadow imps
  3 oozes
  An adder zombie (D:5)
  2 adder skeletons
  3 worms
  A dart slug (D:1)
  13 leopard geckos
  130 orcs
  6 giant cockroaches
  20 goblins
  14 hobgoblins
  4 jackals
  36 kobolds
  2 quokkas
  A ball python (D:4)
  6 bats
  3 frilled lizards
  A leopard gecko zombie (D:9)
  2 orc zombies (D:12)
  10 rats
  5 plants
1527 creatures vanquished.

Vanquished Creatures (collateral kills)
  2 wights (D:6)
2 creatures vanquished.

Vanquished Creatures (others)
  2 humans (D:15)
  An ogre (Vaults:1)
  A wight (D:6)
  A jelly (D:15)
  A frilled lizard (D:2)
  A demonic plant (Gauntlet)
  22 fungi
  44 plants
  11 spectral weapons
84 creatures vanquished.

Grand Total: 1613 creatures vanquished

Notes
Turn   | Place    | Note
-------+----------+-------------------------------------------
     0 | D:1      | Kagalorn the Barachi Ice Elementalist began the quest for
                  | the Orb.
     0 | D:1      | Reached XP level 1. HP: 13/13 MP: 3/3
   122 | D:1      | Reached skill level 5 in Ice Magic
   210 | D:1      | Reached XP level 2. HP: 20/20 MP: 3/5
   411 | D:1      | Reached skill level 1 in Fighting
   792 | D:2      | Reached XP level 3. HP: 20/26 MP: 2/7
  1410 | D:2      | Reached XP level 4. HP: 31/32 MP: 3/8
  1519 | D:2      | Found a hide-covered altar of Uskayaw.
  1944 | D:3      | Reached XP level 5. HP: 30/38 MP: 2/10
  1964 | D:3      | Found a faded altar of an unknown god.
  2038 | D:3      | Became a worshipper of Warmaster Okawaru
  2038 | D:3      | Reached * piety under Okawaru
  2250 | D:3      | Found a white marble altar of Elyvilon.
  2251 | D:3      | Found a glowing silver altar of Zin.
  2251 | D:3      | Found an opulent altar of Gozag.
  2252 | D:3      | Found a hazy altar of Hepliaklqana.
  2252 | D:3      | Found a shattered altar of Ashenzari.
  2252 | D:3      | Found a snail-covered altar of Cheibriados.
  2567 | D:3      | Found a blossoming altar of Fedhas.
  2771 | D:3      | Reached XP level 6. HP: 21/46 MP: 2/12
  2950 | D:3      | Found an ancient bone altar of Kikubaaqudgha.
  3135 | D:4      | Noticed Robin
  3152 | D:3      | Learned a level 3 spell: Frozen Ramparts
  3167 | D:4      | Killed Robin
  3238 | D:4      | Reached skill level 1 in Invocations
  3567 | D:4      | Reached ** piety under Okawaru
  3567 | D:4      | Reached XP level 7. HP: 13/52 MP: 6/14
  4120 | D:5      | Entered Level 5 of the Dungeon
  4139 | D:5      | Reached skill level 5 in Spellcasting
  4261 | D:5      | Learned a level 4 spell: Ice Form
  4395 | D:5      | Found Amis's Gadget Boutique.
  4645 | D:5      | Reached skill level 1 in Transmutations
  4758 | D:5      | Noticed Blork the orc
  4775 | D:5      | Killed Blork the orc
  4775 | D:5      | Reached XP level 8. HP: 52/60 MP: 10/15
  4843 | D:5      | Found a sparkling altar of Nemelex Xobeh.
  4849 | D:5      | Found Seshooqo's Jewellery Boutique.
  4895 | D:5      | Found Soabuc's Book Emporium.
  5514 | D:6      | Reached skill level 5 in Fighting
  5534 | D:6      | Found a staircase to the Ecumenical Temple.
  5547 | D:6      | Found a glowing drain.
  5579 | Sewer    | Entered a sewer
  5585 | Sewer    | Noticed Purgy
  5591 | Sewer    | Killed Purgy
  5591 | Sewer    | Reached *** piety under Okawaru
  6733 | D:5      | Found Soabuc's Book Emporium.
  6752 | D:5      | Found Seshooqo's Jewellery Boutique.
  6776 | D:5      | Found a sparkling altar of Nemelex Xobeh.
  7307 | D:6      | Reached skill level 5 in Transmutations
  7600 | D:5      | Found Amis's Gadget Boutique.
  7932 | D:5      | Found Seshooqo's Jewellery Boutique.
  7942 | D:5      | Found a sparkling altar of Nemelex Xobeh.
  8121 | D:5      | Found Soabuc's Book Emporium.
  8294 | D:6      | Reached XP level 9. HP: 58/68 MP: 15/19
  9037 | D:7      | Reached skill level 1 in Long Blades
  9405 | D:7      | Reached XP level 10. HP: 74/74 MP: 22/22
 10202 | D:8      | Noticed a deep elf mage
 10210 | D:8      | Killed a deep elf mage
 10210 | D:8      | Reached **** piety under Okawaru
 10278 | D:8      | Paralysed by a centaur for 2 turns
 10286 | D:8      | Reached skill level 1 in Armour
 10567 | D:8      | Paralysed by a hornet for 3 turns
 10802 | D:8      | Found a radiant altar of Vehumet.
 11080 | D:8      | Found Aneprios's Antique Armour Shoppe.
 11089 | D:8      | Bought a pair of embroidered boots for 172 gold pieces
 11130 | D:8      | Noticed Jessica
 11138 | D:8      | Found a shimmering blue altar of Sif Muna.
 11140 | D:8      | Killed Jessica
 11279 | D:8      | Reached skill level 2 in Armour
 11589 | D:9      | Reached XP level 11. HP: 77/81 MP: 14/23
 11940 | D:9      | Reached skill level 3 in Armour
 12139 | D:9      | Noticed a cyclops
 12240 | D:9      | Reached ***** piety under Okawaru
 12541 | D:9      | Noticed a manticore
 12554 | D:9      | Killed a manticore
 12612 | D:9      | Reached skill level 4 in Armour
 12648 | D:9      | Noticed a seven-headed hydra
 12898 | D:9      | Killed a cyclops
 13107 | D:9      | Found an ornate altar of the Wu Jian Council.
 13122 | D:9      | Reached skill level 5 in Dodging
 13281 | D:9      | Received a gift from Okawaru
 13302 | D:9      | Noticed a two-headed ogre
 13309 | D:9      | Killed a two-headed ogre
 13309 | D:9      | Reached skill level 5 in Armour
 13628 | D:9      | Noticed a shock serpent
 13634 | D:9      | Killed a shock serpent
 13749 | D:10     | Entered Level 10 of the Dungeon
 14142 | D:10     | Found a staircase to the Lair.
 14259 | D:10     | Reached skill level 5 in Invocations
 14339 | D:10     | Noticed a deep elf mage
 14341 | D:10     | Noticed a wizard
 14342 | D:10     | Killed a deep elf mage
 14342 | D:10     | Received a gift from Okawaru
 14342 | D:10     | Reached skill level 6 in Armour
 14342 | D:10     | Reached XP level 12. HP: 57/92 MP: 20/24
 14345 | D:10     | Got a steaming chain mail {god gift}
 14354 | D:10     | Identified the Grimoire of Combed Thunderclap
 14363 | D:10     | Identified Ts'ui Pên's Tome of Forking Paths
 14388 | D:10     | Identified the +0 chain mail of Tihaett {rPois rCorr}
                  | (Okawaru gifted it to you on level 10 of the Dungeon)
 14498 | D:10     | Identified the Tome of Axaxaxas mlö
 14581 | D:10     | Noticed a vault guard
 14592 | D:10     | Killed a vault guard
 14613 | D:10     | Found a portal to a secret trove of treasure.
 15059 | D:10     | Found a staircase to the Orcish Mines.
 15196 | D:10     | Identified a scroll of acquirement
 15219 | D:10     | Got the ring "Paxzec" {+Fly rElec Str+8 Int-3 SInv}
 15244 | Lair:1   | Entered Level 1 of the Lair of Beasts
 16295 | Lair:2   | Reached skill level 7 in Armour
 16601 | Lair:2   | Noticed a catoblepas
 16621 | Lair:2   | Killed a catoblepas
 16835 | Lair:2   | Noticed a four-headed hydra
 16849 | Lair:2   | Killed a four-headed hydra
 17537 | Lair:3   | Noticed a four-headed hydra
 17548 | Lair:3   | Killed a four-headed hydra
 17548 | Lair:3   | Received a gift from Okawaru
 18238 | Lair:3   | Reached skill level 8 in Armour
 18370 | Lair:3   | Gained mutation: You can hop long distances. [Barachi
                  | growth]
 18370 | Lair:3   | Reached XP level 13. HP: 53/102 MP: 14/25
 18818 | Lair:3   | Learned a level 1 spell: Summon Butterflies
 19000 | Lair:3   | Reached skill level 1 in Summonings
 19006 | Lair:3   | Reached ****** piety under Okawaru
 19113 | Lair:3   | Reached skill level 10 in Fighting
 19205 | Lair:3   | Received a gift from Okawaru
 19210 | Lair:3   | Got a transparent scimitar {god gift}
 19345 | Lair:3   | Identified the +7 scimitar of Experimentation {elec, +Fly
                  | MR+ Int+3} (Okawaru gifted it to you on level 3 of the Lair
                  | of Beasts)
 20040 | Lair:4   | Found a staircase to the Snake Pit.
 20392 | Lair:4   | Reached skill level 10 in Ice Magic
 20574 | Lair:4   | Reached skill level 9 in Armour
 20903 | Lair:4   | Learned a level 2 spell: Swiftness
 21086 | Lair:4   | Received a gift from Okawaru
 21455 | Lair:4   | Found a staircase to the Shoals.
 22187 | Lair:5   | Reached skill level 5 in Summonings
 22209 | Lair:5   | Reached XP level 14. HP: 52/110 MP: 18/26
 22285 | Lair:5   | Found a gate leading to a gauntlet.
 22296 | Gauntlet | Entered a Gauntlet
 22296 | Gauntlet | Found a transporter.
 22296 | Gauntlet | Found a transporter.
 22427 | Gauntlet | Found a transporter.
 22444 | Gauntlet | Found a transporter.
 22444 | Gauntlet | Found a transporter.
 22444 | Gauntlet | Found a transporter.
 22446 | Gauntlet | Found a transporter.
 22447 | Gauntlet | Found a transporter.
 22450 | Gauntlet | Found a runed translucent door.
 22455 | Gauntlet | Found a runed translucent door.
 22457 | Gauntlet | Found a transporter.
 22473 | Gauntlet | Found a transporter.
 22483 | Gauntlet | Found a transporter.
 22498 | Gauntlet | Found a transporter.
 22517 | Gauntlet | Found a transporter.
 22534 | Gauntlet | Found a transporter.
 22757 | Gauntlet | Got a sparkling granite ring
 22781 | Gauntlet | Received a gift from Okawaru
 22781 | Gauntlet | Reached skill level 10 in Armour
 23281 | Gauntlet | Identified the ring of Lissahe {rPois Str+5 Dex-2 SInv}
                  | (You found it in a Gauntlet)
 24059 | Lair:5   | Reached skill level 1 in Air Magic
 24374 | Lair:6   | Entered Level 6 of the Lair of Beasts
 24529 | Lair:5   | Reached skill level 1 in Charms
 24698 | Lair:6   | Reached skill level 1 in Shields
 25479 | Lair:6   | Reached skill level 10 in Dodging
 26005 | Lair:6   | Reached skill level 11 in Armour
 26088 | Lair:6   | Received a gift from Okawaru
 26104 | Lair:6   | Noticed a dire elephant
 26121 | Lair:6   | Killed a dire elephant
 26128 | Lair:6   | Noticed a dire elephant
 26141 | Lair:6   | Killed a dire elephant
 26203 | Lair:6   | Noticed a dire elephant
 26217 | Lair:6   | Killed a dire elephant
 26387 | Lair:6   | Noticed a dire elephant
 26387 | Lair:6   | Noticed a dire elephant
 26423 | Lair:6   | Killed a dire elephant
 26427 | Lair:6   | Killed a dire elephant
 26554 | Lair:6   | Noticed a dire elephant
 26574 | Lair:6   | Killed a dire elephant
 27039 | D:9      | Reached XP level 15. HP: 100/117 MP: 18/27
 27110 | Orc:1    | Entered Level 1 of the Orcish Mines
 27110 | Orc:1    | Noticed an orc warlord
 27640 | D:10     | Killed an orc warlord
 27640 | D:10     | Reached skill level 5 in Shields
 27991 | Orc:2    | Entered Level 2 of the Orcish Mines
 28374 | Orc:2    | Found a roughly hewn altar of Beogh.
 28379 | Orc:2    | Found Eblarun's Armour Emporium.
 28983 | Orc:2    | Found a roughly hewn altar of Beogh.
 29085 | Orc:2    | Found a roughly hewn altar of Beogh.
 29090 | Orc:2    | Found Atiruisch's Antique Weapon Emporium.
 29092 | Orc:2    | Reached skill level 12 in Armour
 29244 | Orc:2    | Found a staircase to the Elven Halls.
 29309 | Orc:2    | Found a roughly hewn altar of Beogh.
 29376 | Orc:2    | Found a roughly hewn altar of Beogh.
 29424 | Orc:2    | Noticed an orc warlord
 29439 | Orc:2    | Killed an orc warlord
 29451 | Orc:2    | Received a gift from Okawaru
 29737 | Orc:2    | Found Irer's Antique Armour Shoppe.
 29737 | Orc:2    | Found a roughly hewn altar of Beogh.
 29754 | Orc:2    | Found Oppaz's Antique Weapon Emporium.
 29766 | Orc:2    | Bought a smoking scimitar for 180 gold pieces
 29766 | Orc:2    | Identified the cursed +3 scimitar "Anumpig" {vorpal, MR+
                  | Str-5 Int+5} (You bought it in a shop on level 2 of the
                  | Orcish Mines)
 29778 | Orc:2    | Bought a pair of embroidered gloves for 262 gold pieces
 29841 | Orc:2    | Bought the cursed +0 helmet of the Gate {MR+} for 169 gold
                  | pieces
 30361 | D:11     | Noticed Josephine
 30373 | D:11     | Killed Josephine
 30644 | D:11     | Noticed Fannar
 30657 | D:11     | Killed Fannar
 30694 | D:11     | Noticed Harold
 30703 | D:11     | Killed Harold
 31522 | D:12     | Found a flagged portal.
 31561 | Bailey   | Entered a bailey
 32220 | D:12     | Found an ancient bone altar of Kikubaaqudgha.
 32971 | D:13     | Reached skill level 13 in Armour
 33202 | D:13     | Noticed Urug
 33211 | D:13     | Killed Urug
 33599 | D:13     | Found the +8 autumn katana {vorpal, Clar}
 33954 | D:13     | Noticed Nessos
 33973 | D:13     | Killed Nessos
 34098 | D:14     | Noticed Agnes
 34112 | D:13     | Killed Agnes
 34112 | D:13     | Received a gift from Okawaru
 34338 | D:14     | Reached XP level 16. HP: 127/127 MP: 25/29
 34478 | D:14     | Reached skill level 10 in Spellcasting
 34496 | D:14     | Identified the cursed ring of Hatonlel {MR+ Dex-4 Slay+3
                  | SInv} (You found it on level 14 of the Dungeon)
 34509 | D:14     | Learned a level 5 spell: Silence
 34888 | D:14     | Reached skill level 1 in Hexes
 35384 | D:14     | Found a gate to the Vaults.
 35435 | D:14     | Got a coiled golden ring
 35437 | D:14     | Identified the ring "Isiwnif" {*Drain +Fly rElec Str+3}
                  | (You found it on level 14 of the Dungeon)
 35480 | D:14     | Reached skill level 14 in Armour
 35587 | D:15     | Entered Level 15 of the Dungeon
 35824 | D:15     | Noticed Kirke
 35837 | D:15     | Killed Kirke
 35837 | D:15     | Received a gift from Okawaru
 35881 | D:15     | Reached skill level 10 in Shields
 36099 | D:15     | Found a staircase to the Depths.
 36113 | D:15     | Reached skill level 5 in Air Magic
 36798 | Snake:1  | Entered Level 1 of the Snake Pit
 38297 | Snake:1  | Reached skill level 15 in Armour
 38314 | Snake:1  | Noticed a nagaraja
 38326 | Snake:1  | Killed a nagaraja
 39227 | Snake:2  | Received a gift from Okawaru
 39315 | Snake:2  | Reached XP level 17. HP: 119/136 MP: 15/31
 39523 | Snake:2  | Reached skill level 5 in Hexes
 40882 | Snake:2  | Received a gift from Okawaru
 40885 | Snake:2  | Identified the +7 falchion of Xots {venom, Dex+4} (Okawaru
                  | gifted it to you on level 2 of the Snake Pit)
 43014 | Snake:3  | Received a gift from Okawaru
 43059 | Snake:3  | Noticed Vashnia
 43122 | Snake:3  | Killed Vashnia
 43762 | Snake:3  | Noticed Donald
 43781 | Snake:3  | Killed Donald
 44263 | Snake:4  | Entered Level 4 of the Snake Pit
 44386 | Snake:4  | Reached XP level 18. HP: 146/146 MP: 28/32
 45503 | Snake:4  | Received a gift from Okawaru
 46496 | Snake:4  | Received a gift from Okawaru
 47871 | Snake:4  | Reached skill level 15 in Fighting
 47871 | Snake:4  | Reached skill level 15 in Shields
 47871 | Snake:4  | Reached skill level 10 in Air Magic
 47877 | Snake:4  | Learned a level 3 spell: Spectral Weapon
 47979 | Snake:4  | Received a gift from Okawaru
 48273 | Snake:4  | Reached skill level 5 in Charms
 48477 | Snake:4  | Got a serpentine rune of Zot
 48823 | Shoals:1 | Entered Level 1 of the Shoals
 49183 | Shoals:1 | Reached skill level 10 in Hexes
 49421 | Shoals:1 | Reached XP level 19. HP: 100/155 MP: 27/33
 49710 | Shoals:1 | Reached skill level 1 in Evocations
 49724 | Shoals:1 | Reached skill level 1 in Throwing
 50500 | Shoals:2 | Found Lauhucamon's Weapon Boutique.
 50521 | Shoals:2 | Received a gift from Okawaru
 50674 | Shoals:2 | Found Zonowk's Food Shoppe.
 51086 | Shoals:2 | Reached skill level 16 in Armour
 51102 | Shoals:2 | Found Ulaguyfa's Antique Weapon Shoppe.
 51362 | Shoals:2 | Found Uvuafouss's Food Emporium.
 51748 | Shoals:2 | Found Vala's Food Shoppe.
 52366 | Shoals:3 | Noticed Aizul
 52387 | Shoals:3 | Killed Aizul
 53101 | Shoals:3 | Found Duaczes's Distillery.
 53115 | Shoals:3 | Reached skill level 17 in Armour
 53138 | Shoals:3 | Bought a potion of curing for 51 gold pieces
 53138 | Shoals:3 | Bought a potion of cancellation for 136 gold pieces
 53138 | Shoals:3 | Bought a potion of mutation for 136 gold pieces
 53138 | Shoals:3 | Bought a potion of berserk rage for 85 gold pieces
 53138 | Shoals:3 | Bought a potion of heal wounds for 85 gold pieces
 53259 | Shoals:3 | Identified the +4 pair of gloves of Fallacy {-Cast +Inv
                  | rPois rN++} (You found it on level 3 of the Shoals)
 53708 | Shoals:4 | Entered Level 4 of the Shoals
 54351 | Shoals:4 | Reached skill level 5 in Evocations
 54354 | Shoals:4 | Received a gift from Okawaru
 55154 | Shoals:4 | Reached skill level 5 in Throwing
 55534 | Shoals:4 | Received a gift from Okawaru
 55635 | Shoals:4 | Found Vipuj's Jewellery Shop.
 55649 | Shoals:4 | Bought the amulet "Hepnampe" {Reflect +Fly SH+5} for 742
                  | gold pieces
 55672 | Shoals:4 | Reached XP level 20. HP: 158/164 MP: 30/34
 55784 | Shoals:4 | Got a barnacled rune of Zot
 56260 | Vaults:1 | Entered Level 1 of the Vaults
 56656 | Vaults:1 | Reached skill level 18 in Armour
 57329 | Vaults:1 | Received a gift from Okawaru
 57379 | Vaults:1 | Identified the +0 scale mail "Quckyfee" {Int+4} (Okawaru
                  | gifted it to you on level 1 of the Vaults)
 57607 | Vaults:1 | Found Duwysil's Jewellery Emporium.
 58073 | Vaults:2 | Noticed Mennas
 58112 | Vaults:1 | Killed Mennas
 59361 | Vaults:2 | Reached skill level 19 in Armour
 59865 | Vaults:2 | Reached XP level 21. HP: 172/173 MP: 31/35
 60149 | Vaults:2 | Received a gift from Okawaru
 60808 | Vaults:3 | Found a staircase to the Crypt.
 61594 | Vaults:3 | Received a gift from Okawaru
 61597 | Vaults:3 | Identified the +2 pair of boots "Lomah" {Harm Str+2 SInv}
                  | (Okawaru gifted it to you on level 3 of the Vaults)
 61649 | Vaults:3 | Slain by a vault warden

Illustrated notes

Levels and vault maps discovered:
D:1:      scummos_arrival_checkerplants, layout_loops_ring, st_stairs_8,
          minmay_hexomino_f4
D:2:      cheibrodos_helix_gallery, layout_loops_cross,
          eat_drink_and_be_merry_uskayaw, st_stairs_8, dk_noncrumbling_2,
          lemuel_old_faithful
D:3:      layout_loops_ring, grunt_temple_overflow_open, fedhas_altar_1,
          kiku_gazebo_garden_becter, chequers_ecumenical_altar_simple
D:4:      layout_loops_ring, first_ration, uniq_robin
D:5:      layout_basic, lemuel_doored_altar, serial_shops, nicolae_shop_stone,
          shop, nicolae_shop_statue_plus, uniq_blork_the_orc
D:6:      layout_gridville, minmay_temple_entry_glass, portal_sewer_entry_f,
          minmay_statues_item
D:7:      layout_cave_pods, the_bakery
D:8:      layout_basic, kennysheep_mini_moat, tgw_sif, serial_shops,
          nicolae_shop_stone
D:9:      minmay_the_grid_triangle_9x9_rhombus_thin_mashed
          [minmay_the_grid_triangle_9x9_stretched_checkered,
          minmay_the_grid_triangle_9x9_prize_center,
          minmay_the_grid_triangle_9x9_limited_checkers,
          minmay_the_grid_triangle_9x9_odd_lines], layout_loops_cross,
          kennysheep_mini, dk_vineyard_1, minivault_28
D:10:     layout_basic, due_lair_maze_entry_diamond, erik_orc_2, enter_trove_5,
          bh_hangedman_babel_library
D:11:     layout_basic, uniq_josephine, uniq_fannar, uniq_harold
D:12:     layout_irregular_city, enter_bailey_2, chequers_serial_rivers_small_b,
          minmay_misc_feat_doors, minivault_1, kennysheep_big_empty_room,
          lemuel_mausoleum_altar_kikubaaqudgha
D:13:     layout_basic, uniq_nessos, uniq_urug
D:14:     layout_loops_ring, david_vaults_5, minmay_misc_feat_chi, uniq_agnes
D:15:     grunt_enter_depths_giant_problem, layout_small_grid, uniq_kirke
Lair:1:   layout_misc_corridors, kennysheep_abandoned_house
Lair:2:   layout_gridlike, nicolae_quartered_pool_super
Lair:3:   layout_regular_city, bobbens_dragon_lair_wall
Lair:4:   layout_layer_cave, elwin_shoals_entry_stream,
          guppyfry_snake_entry_island, serial_bayou_ford_a,
          minmay_shattered_shrine
Lair:5:   beast_lair_carwin_large_1, layout_small_grid,
          minmay_slime_entry_oklob_enclosed, gauntlet_entry_generic
Lair:6:   due_jungle_book, layout_big_grid
Shoals:1: argonaut_golden_fleece, layout_shoals
Shoals:2: layout_shoals, serial_shops, nicolae_shop_statue_plus,
          nicolae_shop_window_shopping,
          nicolae_shop_competitors_out_of_business, nicolae_shop_behind_doors,
          nicolae_shop_waterfront, nicolae_shoals_loop_pool
Shoals:3: layout_shoals, serial_shops, shop_fountains, uniq_aizul
Shoals:4: shoals_end_hangedman, layout_shoals, serial_shops, shop
Snake:1:  layout_layer_cave, grunt_megastairs_3, serial_bayou_shore_b
Snake:2:  cheibrodos_snake_lava_hold, layout_cave_town
Snake:3:  layout_cave_town, uniq_vashnia, uniq_donald
Snake:4:  johnstein_snake_rune_scales, layout_onion, drop_trap,
          serial_bayou_lake_a
Orc:1:    layout_caves, uniq_jorgrun
Orc:2:    grunt_orc_community_town_hall, layout_caves,
          grunt_orc_community_big_house_2, grunt_orc_community_big_house_2,
          grunt_orc_community_house_1, grunt_orc_community_house_2,
          grunt_orc_community_house_2, grunt_orc_community_house_3,
          grunt_orc_community_house_2, grunt_orc_community_house_2
Vaults:1: nicolae_vaults_quadrants, hangedman_vaults_snaps,
          vaults_mumra_minichess, v_misc_16, vaults_room_corners,
          grunt_vaults_funnel, nicolae_vaults_mini_display_case,
          layout_vaults_omnigrid, serial_shops, nicolae_shop_stone
Vaults:2: vaults_room_door_hall, nicolae_vaults_little_squares_5,
          nicolae_vaults_fighting_squares, v_rooms_6, vaults_standard_mumra_x,
          dpeg_vaults_monster_row, nicolae_vaults_theta,
          nicolae_vaults_three_branches, v_misc_18, nicolae_vaults_little_ls,
          vaults_room_pools, layout_vaults_chaotic_city, uniq_mennas
Vaults:3: minmay_crypt_entry_simple_statues, vaults_room_door_hall,
          nicolae_vaults_little_squares_3, grunt_vaults_swirl,
          nicolae_vaults_twisting_passages, nicolae_vaults_stairing_the_circle,
          vaults_dpeg_hooks, hangedman_vaults_corner, v_misc_5,
          dpeg_vaults_waves, ontoclasm_vaults_loading_screen,
          nicolae_vaults_theta, layout_vaults_ring

Skill      XL: |  1  2  3  4  5  6  7  8  9 10 11 12 13 14 15 16 17 18 19 20 21 |
---------------+----------------------------------------------------------------+-----
Ice Magic      | 5 6 7 8 9 10 11 12 | 12.0
Fighting       | 1 2 3 4 5 8 9 10 11 13 14 15 16 17 | 17.1
Spellcasting   | 3 4 5 7 8 9 10 | 10.0
Invocations    | 1 2 5 6 7 8 |  8.0
Transmutations | 1 5 |  5.0
Long Blades    | 13 14 | 14.0
Armour         | 2 6 8 9 11 13 15 17 19 | 19.7
Dodging        | 3 6 7 9 10 | 10.0
Summonings     | 5 6 |  6.0
Stealth        | 2 |  2.0
Air Magic      | 3 4 6 8 10 | 10.0
Charms         | 3 4 6 |  6.0
Shields        | 4 8 11 13 15 | 15.9
Hexes          | 4 7 10 | 10.0
Evocations     | 5 7 8 |  8.7
Throwing       | 5 7 8 |  8.0

Action                   |  1- 3 |  4- 6 |  7- 9 | 10-12 | 13-15 | 16-18 | 19-21 || total
-------------------------+-------+-------+-------+-------+-------+-------+-------++-------
Melee: Short sword       |    12 |    21 |       |       |       |       |       ||    33
       Dagger            |       |    54 |   221 |     9 |    35 |       |       ||   319
       Great sword       |       |       |    11 |   236 |    84 |       |       ||   331
       Scimitar          |       |       |       |     4 |   881 |    26 |       ||   911
       Staff             |       |       |       |       |     3 |       |       ||     3
       Katana            |       |       |       |       |     8 |  1119 |  1136 ||  2263
 Fire: Arbalest          |       |       |       |       |    11 |       |       ||    11
Throw: Dart              |       |     7 |    27 |    21 |    19 |     2 |     9 ||    85
       Javelin           |       |       |       |     6 |       |       |       ||     6
 Cast: Freeze            |    38 |    57 |    41 |   214 |    55 |    16 |     1 ||   422
       Frozen Ramparts   |       |     4 |    33 |   106 |   142 |   148 |    77 ||   510
       Spectral Weapon   |       |       |       |       |       |     5 |    45 ||    50
Invok: Heroism           |       |       |     3 |     4 |     3 |     3 |     1 ||    14
       Finesse           |       |       |       |       |     1 |     1 |       ||     2
 Abil: Hop               |       |       |     3 |     2 |    10 |     4 |     1 ||    20
       Evoke Invisibilit |       |       |       |       |     1 |       |       ||     1
Evoke: Wand              |       |       |     3 |     1 |     4 |       |       ||     8
  Use: Scroll            |       |     8 |     5 |    15 |    12 |     7 |     9 ||    56
       Potion            |       |       |     3 |       |     1 |     3 |       ||     7
 Stab: Sleeping          |       |     1 |     2 |     2 |       |       |       ||     5
       Distracted        |       |       |     1 |       |       |       |     5 ||     6
       Paralysed         |       |       |       |     1 |       |       |       ||     1
  Eat: Chunk             |     2 |     8 |    11 |    22 |    36 |    10 |    38 ||   127
       Ration            |       |       |     3 |     3 |     6 |    12 |     1 ||    25
Armor: Robe              |     5 |     9 |    71 |    28 |       |       |       ||   113
       Chain mail        |       |       |       |   183 |   510 |   460 |   455 ||  1608
       Ring mail         |       |       |       |     7 |       |       |       ||     7
       Troll leather arm |       |       |       |     3 |       |       |       ||     3
Dodge: Dodged            |    31 |    75 |   179 |   211 |   432 |   293 |   280 ||  1501
Block: Kite shield       |       |       |       |       |   368 |   553 |   379 ||  1300
       Tower shield      |       |       |       |       |       |       |   554 ||   554
       Reflection        |       |       |       |       |       |       |    43 ||    43
       Rpst.: Great sword |       |       |     1 |    51 |    12 |       |       ||    64
       Scimitar          |       |       |       |     1 |    74 |     5 |       ||    80
       Katana            |       |       |       |       |       |    61 |    49 ||   110
